 Dungeon Crawl Stone Soup version 0.31-a0-18-gea43df2a32 (webtiles) character file.

Game seed: 2812111647337122193

72 PimpSugar the Magician (level 4, 0/32 HPs)
             Began as a Djinni Hedge Wizard on May 9, 2023.
             Slain by a gnoll
             ... wielding a +0 whip
              (9 damage)
             ... on level 2 of the Dungeon on May 11, 2023.
             The game lasted 00:07:30 (1110 turns).

PimpSugar the Magician (Djinni Hedge Wizard)        Turns: 1110, Time: 00:07:32

Health: 0/32       AC:  2    Str:  9    XL:     4   Next: 50%
Gold:   82         EV: 12    Int: 24    God:
                   SH:  0    Dex: 12

rFire   + + .        d - +1 hand axe (elec)
rCold   x . .        (no shield)
rNeg    . . .        b - +0 robe
rPois   ∞            c - +0 hat
rElec   .            (no cloak)
rCorr   .            (no gloves)
SInv    .            (boots unavailable)
Will    .....        (no amulet)
Stlth   ++           j - +6 ring of intelligence
HPRegen 0.25/turn    (no ring)
MPRegen 0.00/turn

%: infuse magic (-1 HP)
@: flying
A: sickness immunity, fire resistance 2, cold vulnerability 1, float, innate
caster, HP casting, extra vitality 1
a: no special abilities


You were on level 2 of the Dungeon.
You visited 1 branch of the dungeon, and saw 2 of its levels.

You collected 82 gold pieces.

Inventory:

Hand Weapons
 a - a +0 dagger
 d - a +1 hand axe of electrocution (weapon)
 i - a +0 sling
Missiles
 g - 23 stones
 k - 3 poisoned darts
Armour
 b - a +0 robe (worn)
 c - a +0 hat (worn)
Jewellery
 j - a +6 ring of intelligence (left hand)
Wands
 l - a wand of polymorph (10)
Scrolls
 e - a scroll of vulnerability {unknown}
 f - 2 scrolls of silence {unknown}
 m - a scroll of identify {unknown}
Potions
 h - a potion of heal wounds
 n - a potion of magic {unknown}


   Skills:
 + Level 1.1 Fighting
 + Level 3.0 Dodging
 + Level 2.3 Stealth
 * Level 3.0 Spellcasting


You knew the following spells:

 Your Spells              Type           Power      Damage    Failure   Level
a - Magic Dart            Conj           72%        1d6       3%          1
b - Call Imp              Summ           36%        N/A       4%          2
c - Mephitic Cloud        Conj/Pois/Air  18%        N/A       9%          3
d - Slow                  Hex            72%        N/A       3%          1
e - Blink                 Tloc           36%        N/A       4%          2
f - Shock                 Conj/Air       72%        1d7       3%          1
Your spell library was empty.

Dungeon Overview and Level Annotations

Branches:
Dungeon (2/15)

Altars:


Innate Abilities, Weirdness & Mutations

You are immune to sickness and miasma.
You are immune to poison.
Your flesh is very heat resistant. (rF++)
You are vulnerable to cold. (rC-)
You float through the air rather than walking.
You learn spells naturally, not from books.
Your magical power is your life essence.
You have superior vitality. (+4 MHP)


Message History

The gnoll is lightly wounded.
The stinking cloud engulfs the bat but does no damage.
The gnoll shouts!
You hear a shout!
The bat is engulfed in noxious fumes.
The bat appears confused.
The bat is engulfed in noxious fumes.
The bat appears confused.
A quokka comes into view.
The bat is engulfed in noxious fumes.
The bat appears confused.
The gnoll is engulfed in noxious fumes.
The gnoll appears confused.
The gnoll hits the bat with a +0 spear.
The bat is killed!
A gnoll comes into view. It is wielding a +0 flail.
The gnoll is engulfed in noxious fumes.
The gnoll appears confused.
The gnoll is engulfed in noxious fumes.
The gnoll appears confused.
You hit the gnoll. Lightning courses through the gnoll!!
You kill the gnoll!
Your cerulean imp hits the quokka but does no damage.
Your Dodging skill increases to level 3!
Found 15 gold pieces.
The quokka bites you.
Your cerulean imp closely misses the quokka.
The gnoll barely misses you. x2
Things that are here:
a +0 spear; a gnoll corpse; a bat corpse You hit the gnoll.
The gnoll is moderately wounded.
You hit the quokka. You closely miss the gnoll. The quokka barely misses you.
Your cerulean imp hits the quokka with a -3 spear.
The quokka dies!
The gnoll hits you with a +0 club. The gnoll hits you with a +0 whip!
Cleave: d) +1 hand axe (elec)
Press: ? - help, Dir - move target, f - gnoll
Aim: a gnoll, wielding a +0 club (about 37% to evade your +1 hand axe of electrocution)
You hit the gnoll.
The gnoll is moderately wounded.
You hit the gnoll.
Your cerulean imp barely misses the gnoll.
The gnoll closely misses you. The gnoll hits you with a +0 whip.
* * * LOW HITPOINT WARNING * * *
Your cerulean imp hits the gnoll from afar with a -3 spear.
The gnoll hits you with a +0 whip!
You die...

.## ~~~~~ ## ~~≈~.≈≈~.
≈≈~ # #≈~~#≈≈~# ~≈# #
#####.###.###.## ~ #
#..#...#...#...#..
#.................
###..)..............
###..†.......5.g......
###...#.........@g......
...)###..#...#...#...#..
.##.# #####.###.## $##
.##.# #~~≈#~~≈# ≈# ..†.#
..~≈≈.~≈≈.≈ ~~ #..##
#~~~~~~~~~~~. .# ##.#
#~~~~~~~~~~.#. # ##..#
.##.........## ##.....#


You could see 2 gnolls and a friendly cerulean imp (summoned).

Vanquished Creatures
  A gnoll (D:2)
  2 adders (D:2)
  A dart slug (D:2)
  3 giant cockroaches
  2 goblins (D:2)
  2 hobgoblins (D:1)
  5 jackals (D:2)
  5 kobolds
  A quokka (D:1)
  4 ball pythons
  4 bats
  2 frilled lizards (D:1)
  5 rats
37 creatures vanquished.

Vanquished Creatures (collateral kills)
  A bat (D:1)
  2 jackals (D:1)
  A quokka (D:2)
4 creatures vanquished.

Grand Total: 41 creatures vanquished

Notes
Turn   | Place    | Note
-------+----------+-------------------------------------------
     0 | D:1      | PimpSugar the Djinni Hedge Wizard began the quest for the
                  | Orb.
     0 | D:1      | PimpSugar set off with the following spells memorised:
                  | Magic Dart, Slow, Blink, Call Imp, Mephitic Cloud.
     0 | D:1      | Reached XP level 1. HP: 15/15 MP: 0/0
   118 | D:1      | Reached XP level 2. HP: 17/21 MP: 0/0
   118 | D:1      | Upgraded the game from 0.31-a0-16-g6d2539766c to
                  | 0.31-a0-18-gea43df2a32
   479 | D:1      | Reached XP level 3. HP: 24/26 MP: 0/0
   479 | D:1      | Learned a level 1 spell: Shock
   700 | D:2      | Found a faded altar of an unknown god.
  1016 | D:2      | Reached XP level 4. HP: 16/31 MP: 0/0
  1025 | D:2      | Reached skill level 1 in Fighting
  1110 | D:2      | Slain by a gnoll

Illustrated notes

Levels and vault maps discovered:
D:1:      lemuel_arrival_muddy, layout_basic
D:2:      wad_lake_hut, layout_basic,
          dreamdust_ecumenical_altar_angels_and_demons,
          grunt_decor_mini_mirrors, grunt_ministairs_6

Skill      XL: |  1  2  3  4 |
---------------+-------------+-----
Stealth        | 2 |  2.3
Fighting       | 1 |  1.1
Spellcasting   | 3 |  3.0
Dodging        | 3 |  3.0

Action                     |  1- 3 |  4- 6 || total
---------------------------+-------+-------++-------
  Melee: Hand axe          |    88 |    11 ||    99
         Punch             |     1 |       ||     1
   Cast: Magic Dart        |     8 |     1 ||     9
         Call Imp          |     4 |     1 ||     5
         Slow              |     1 |       ||     1
         Shock             |    10 |       ||    10
         Mephitic Cloud    |       |     1 ||     1
    Use: Potion            |       |     1 ||     1
   Stab: Sleeping          |     3 |       ||     3
 Armour: Robe              |    24 |     1 ||    25
  Dodge: Dodged            |   104 |    15 ||   119

Table legend: (Time is in decaauts)
 A = Elapsed time spent in this place.
 B = Non-inter-level travel time spent in this place.
 C = Inter-level travel time spent in this place.
 D = Time resting spent in this place.
 E = Time spent auto-exploring this place.
 F = Levels seen in this place.
 G = Mean time per level.
                   A        B        C        D        E       F      G
               +--------+--------+--------+--------+--------+-----+--------+
         Total |   1138 |   1014 |    124 |      0 |    577 |   2 |  569.0 |
       Dungeon |   1138 |   1014 |    124 |      0 |    577 |   2 |  569.0 |
               +--------+--------+--------+--------+--------+-----+--------+

Top non-repeatable levels by time:
     D:1: 667 daAuts
     D:2: 471 daAuts
